 Dungeon Crawl Stone Soup version 0.31.0-9-g3a7656b989 (webtiles) character file.

Game seed: 5005905027908997989

9 qw the Shooter (level 2, 0/16 HPs)
             Began as a Deep Elf Hunter on Feb 2, 2024.
             Slain by a hobgoblin
             ... wielding a +0 scimitar
              (10 damage)
             ... on level 1 of the Dungeon.
             The game lasted 00:00:00 (156 turns).

qw the Shooter (Deep Elf Hunter)                     Turns: 156, Time: 00:00:01

Health: 0/16       AC:  3    Str:  8    XL:     2   Next: 3%
Magic:  4/4        EV: 12    Int: 13    God:
Gold:   18         SH:  0    Dex: 18    Spells: 1/1 levels left

rFire   . . .        a - +0 shortbow
rCold   . . .        (shield currently unavailable)
rNeg    . . .        c - +0 leather armour
rPois   .            (no helmet)
rElec   .            (no cloak)
rCorr   .            (no gloves)
SInv    .            (no boots)
Will    .....        (no amulet)
Stlth   ++           (no ring)
HPRegen 0.22/turn    (no ring)
MPRegen 0.09/turn

%: no passive effects
@: no status effects
A: no striking features
a: no special abilities


You were on level 1 of the Dungeon.
You visited 1 branch of the dungeon, and saw 1 of its levels.

You collected 18 gold pieces.


   Skills:
 - Level 1.5 Fighting
 + Level 6.0 Ranged Weapons
 - Level 2.4 Dodging
 - Level 1.2 Stealth


You had one spell level left.
You didn't know any spells.
Your spell library was empty.

Inventory:

Hand Weapons
 a - a +0 shortbow (weapon)
Armour
 c - a +0 leather armour (worn)
Jewellery
 e - an amulet of faith
Scrolls
 b - a scroll of butterflies
Potions
 d - a potion of degeneration {unknown}
 f - a potion of invisibility {unknown}

Dungeon Overview and Level Annotations

Branches:
Dungeon (1/15)

Altars:


Message History

You now have 18 gold pieces (gained 6).
f - a fizzy emerald potion A hobgoblin and a bat come into view.
The hobgoblin shouts!
You hear a shout!
The bat hits you.
You shoot an arrow. The arrow barely misses the bat.
The bat hits you but does no damage.
A bat comes into view.
The bat barely misses you. The bat hits you. The hobgoblin barely misses you.
You shoot an arrow. The arrow barely misses the bat.
The bat misses you. The bat hits you but does no damage.
The hobgoblin misses you.
You shoot an arrow. The arrow barely misses the bat.
The bat closely misses you. The bat hits you but does no damage.
The hobgoblin closely misses you.
You shoot an arrow. The arrow closely misses the hobgoblin.
The bat barely misses you. The bat closely misses you.
The hobgoblin closely misses you.
You shoot an arrow. The arrow barely misses the hobgoblin.
The bat hits you but does no damage. The bat barely misses you.
The hobgoblin barely misses you.
A hobgoblin comes into view. It is wielding a +0 scimitar.
You shoot an arrow.
The arrow hits the hobgoblin but does no damage.
The hobgoblin closely misses you. The bat hits you but does no damage.
The bat barely misses you.
You shoot an arrow. The arrow closely misses the bat.
The bat closely misses you. The bat hits you but does no damage.
The hobgoblin hits you. The bat closely misses you.
The hobgoblin closely misses you.
You shoot an arrow. The arrow hits the bat.
You kill the bat!
The bat hits you but does no damage.
Your Ranged Weapons skill increases to level 6!
You shoot an arrow.
The arrow hits the bat but does no damage.
The bat hits you. The hobgoblin hits you.
The hobgoblin hits you with a +0 scimitar!
Ouch! That really hurt!
You die...

.............## #
##.............## #
####...###...#### #
.
...........#.#######
#.###.
..#####........
....# #..#
#....##### ...#b..
#.##.##### #gg%#
#.##...... #@#
#.######## #.# #.#
#.#######.#
#.........#
###########


You could see 2 hobgoblins and a bat.

Vanquished Creatures
  2 bats (D:1)
  2 endoplasms (D:1)
  A giant cockroach (D:1)
  A goblin (D:1)
  A hobgoblin (D:1)
7 creatures vanquished.

Notes
Turn   | Place    | Note
-------+----------+-------------------------------------------
     0 | D:1      | qw the Deep Elf Hunter began the quest for the Orb.
     0 | D:1      | Reached XP level 1. HP: 12/12 MP: 3/3
     0 | D:1      | 0 ||| qw: Version: 0.3-a-155-g5e7d8dd
     0 | D:1      | 0 ||| qw: Game counter: 1077
     0 | D:1      | 0 ||| qw: Melee chars always use a shield: true
     0 | D:1      | 0 ||| qw: God list: Okawaru
     0 | D:1      | 0 ||| qw: Allow faded altars: false
     0 | D:1      | 0 ||| qw: Do Orc after clearing Dungeon:15 true
     0 | D:1      | 0 ||| qw: Do second Lair branch before Depths: true
     0 | D:1      | 0 ||| qw: Lair rune preference: random
     0 | D:1      | 0 ||| qw: Goals: Normal
     0 | D:1      | 0 ||| PLANNING D:1-11
    88 | D:1      | Reached XP level 2. HP: 13/16 MP: 4/4
   156 | D:1      | Reached skill level 6 in Ranged Weapons
   156 | D:1      | Slain by a hobgoblin

Levels and vault maps discovered:
D:1:      minmay_arrival_open_corners, layout_loops_ring, serial_shops,
          nicolae_shop_competitors_out_of_business

Skill      XL: |  1  2 |
---------------+-------+-----
Ranged Weapons | 6 |  6.0
Fighting       | |  1.5
Dodging        | |  2.4
Stealth        | |  1.2

Action                     || total
---------------------------++-------
   Fire: Shortbow          ||    30
 Armour: Leather armour    ||    21
  Dodge: Dodged            ||    25

Table legend:
 A = Non-vault XP
 B = Vault XP
 C = Vault XP percentage of total XP
 D = Non-vault monster count
 E = Vault monster count
 F = Vault count percentage of total count
                 A         B        C        D         E       F
            +---------+---------+-------+---------+---------+-------
      Total |      13 |       0 |   0.0 |       7 |       0 |   0.0
            +---------+---------+-------+---------+---------+-------
        D:1 |      13 |       0 |   0.0 |       7 |       0 |   0.0
            +---------+---------+-------+---------+---------+-------
